Lightning vs Canucks

Created - January 6, 2020 at 19:20

Goals
1 2 3 T
Lightning 2 1 1 4
Canucks 0 0 1 1
Shots
1 2 3 T
Lightning 6 12 5 23
Canucks 17 3 3 23

1st period

1. Lightning , Rasmus Ristolainen 10 (Henrik Zetterberg 20) at 10:16 (PP)
2. Lightning , Tyler Toffoli 11 (Andy Rogers 6) at 19:20

Penalties :
Jeremy Morin (Van) for Roughing (Minor) at 4:57, Jesper Fast (Van) for Interference (Minor) at 10:05

2nd period

3. Lightning , Jon Merrill 2 (Henrik Zetterberg 21, Andy Rogers 7) at 6:34 (SH)

Penalties :
Robert Nilsson (Van) for Roughing (Minor) at 1:05, Paul Ranger (TB.) for Cross-checking (Minor) at 6:21, Jason Zucker (Van) for Tripping (Minor) at 11:06

3rd period

4. Canucks , Loui Eriksson 7 (Robert Nilsson 12, Jamie McBain 25) at 0:12
5. Lightning , Sam Gagner 11 (Jon Merrill 9) at 13:58 (PP)

Penalties :
Henrik Zetterberg (TB.) for Holding (Minor) at 0:22, Dany Heatley (TB.) for Tripping (Minor) at 5:02, Jason Zucker (Van) for Hooking (Minor) at 13:15, Colton Gillies (Van) for Tripping (Minor) at 14:48

Goalie Stats

Jaroslav Halak (TB.), 22 saves from 23 shots - (0.957), W, 15-8-1, 60:00 minutes
Jacob Markstrom (Van), 19 saves from 23 shots - (0.826), L, 11-15-2, 60:00 minutes

Players Stats for Lightning

Player Name              G  A  P  +/- PIM S  H  SB GA TA FO     MP     PP MP  PK MP  
------------------------------------------------------------------------------------
Andy Rogers              0  2  2   2  0   0  0  0  1  0  0/0    17:39   0:22   3:18 
Cameron Schilling        0  0  0   0  0   1  2  0  0  0  0/0    19:42   3:45   2:39 
Daniel Carcillo          0  0  0   1  0   0  1  0  0  1  0/0    15:03   0:15   3:09 
Dany Heatley             0  0  0   0  2   0  4  1  1  1  0/0    10:19   0:39   1:31 
Gilbert Brule            0  0  0   0  0   1  2  2  1  0  6/15   14:00   0:00   0:55 
Henrik Zetterberg        0  2  2   1  2   2  1  3  0  0  5/5    19:18   4:05   2:12 
Jack Skille              0  0  0   0  0   0  0  0  0  0  0/0     8:48   0:47   0:00 
Jon Merrill              1  1  2   0  0   1  0  3  1  1  0/0    25:37   4:51   3:17 
Kevin Hayes              0  0  0   0  0   0  2  1  0  0  1/1    15:12   3:51   0:00 
Mika Zibanejad           0  0  0   0  0   2  0  0  0  0  8/13   17:38   4:50   1:18 
Mikael Backlund          0  0  0   0  0   1  2  0  0  0  0/1     8:12   0:09   0:00 
Patrick Kaleta           0  0  0   0  0   1  2  0  0  0  1/2    14:45   0:03   2:01 
Paul Ranger              0  0  0   0  2   1  0  1  0  0  0/0    17:42   3:45   0:01 
Rasmus Ristolainen       1  0  1  -1  0   2  1  1  0  0  0/0    22:38   4:43   0:00 
Sam Gagner               1  0  1   0  0   5  2  0  0  1  6/11   16:49   3:51   0:26 
Teuvo Teravainen         0  0  0   0  0   2  2  0  0  0  0/0    16:36   3:51   0:22 
Theo Peckham             0  0  0   1  0   2  1  0  0  0  0/0    16:43   0:14   2:39 
Tyler Toffoli            1  0  1   0  0   2  3  1  0  0  0/0    17:19   4:09   0:00 

Players Stats for Canucks

Player Name              G  A  P  +/- PIM S  H  SB GA TA FO     MP     PP MP  PK MP  
------------------------------------------------------------------------------------
Alex Goligoski           0  0  0   0  0   2  4  0  0  0  0/0    25:51   3:29   5:20 
Brad Boyes               0  0  0  -1  0   0  2  0  0  0  0/0    15:35   2:48   0:00 
Colton Gillies           0  0  0   0  2   1  2  0  0  0  2/4    14:18   0:00   1:40 
Darren Helm              0  0  0   0  0   0  1  0  1  0  0/0    14:10   0:00   1:36 
Drew Fata                0  0  0   0  0   0  2  2  0  2  0/0    20:33   2:28   3:35 
Jamie McBain             0  1  1   0  0   2  1  1  0  0  0/0    26:07   3:29   5:15 
Jason Zucker             0  0  0  -1  4   1  3  0  0  0  0/0    15:48   2:48   0:11 
Jeremy Morin             0  0  0   0  2   2  0  0  1  0  0/0    12:39   0:02   0:00 
Jesper Fast              0  0  0   0  2   0  0  0  0  0  0/1     3:40   0:12   0:00 
Joni Pitkanen            0  0  0   0  0   1  3  0  0  0  0/0    20:12   2:28   3:35 
Jordie Benn              0  0  0  -1  0   2  0  2  0  0  0/0    13:41   0:00   0:00 
Kerby Rychel             0  0  0   0  0   0  1  0  0  0  0/0     6:34   0:00   0:00 
Kurtis Foster            0  0  0  -1  0   1  0  1  0  0  0/0    13:41   0:00   0:00 
Loui Eriksson            1  0  1   0  0   2  4  0  0  0  2/3    18:10   3:07   1:56 
Marc Savard              0  0  0  -1  0   1  2  0  0  2  4/10   20:43   2:48   5:18 
Nick Palmieri            0  0  0   0  0   2  3  0  1  0  0/1    18:05   3:07   1:51 
Robert Nilsson           0  1  1   0  2   6  0  0  1  0  13/27  22:53   2:59   3:13 
Scottie Upshall          0  0  0   0  0   0  1  0  0  0  0/2     8:24   0:00   1:50 

3 Stars

1 - Jon Merrill (TB.)
2 - Andy Rogers (TB.)
3 - Tyler Toffoli (TB.)

Power Play

Lightning - 2 on 6 Attempt(s) - 33.33%
Canucks - 0 on 3 Attempt(s) - 0.00%

Penalty Kill

Lightning - 3 on 3 Attempt(s) - 100.00% - Score 1 goal in Penalty Kill
Canucks - 4 on 6 Attempt(s) - 66.67% - Score 0 goal in Penalty Kill

Team Stat

Lightning - Hits : 25 - Faceoff Wins : 27 - Blocked Shots : 13 - Penalty Minutes : 6
Canucks - Hits : 29 - Faceoff Wins : 21 - Blocked Shots : 6 - Penalty Minutes : 12

Official

Referees : Unknown
Linesman : Unknown

Game Notes

No Game Note

Finance

Level 1 -- Attendance: 6000 (100.00%) -- Ticket Income $498,000
Level 2 -- Attendance: 5000 (100.00%) -- Ticket Income $245,000
Level 3 -- Attendance: 1874 (93.70%) -- Ticket Income $63,716
Level 4 -- Attendance: 3966 (99.15%) -- Ticket Income $75,354
Luxury Box -- Attendance: 1000 (100.00%) -- Ticket Income $99,000
Game was played at the Budweiser Coliseum.
Total Attendance: 17840 (99.11%)
Total Ticket Income: $981,070
Other Income: $147,160
Total Income: $1,128,230

Lightning

5 vs 5 Forward 
   Center                   Left Wing                Right Wing               Time % Phy DF OF 
 1 Gilbert Brule            Henrik Zetterberg        Tyler Toffoli            35     0   2  3  
 2 Sam Gagner               Teuvo Teravainen         Patrick Kaleta           30     0   2  3  
 3 Mika Zibanejad           Daniel Carcillo          Kevin Hayes              30     0   2  3  
 4 Mikael Backlund          Dany Heatley             Jack Skille              5      1   2  2  

5 vs 5 Defense 
   Defense                  Defense                                           Time % Phy DF OF 
 1 Rasmus Ristolainen       Jon Merrill                                       40     0   2  3  
 2 Andy Rogers              Theo Peckham                                      30     0   2  3  
 3 Cameron Schilling        Paul Ranger                                       20     1   2  2  
 4 Rasmus Ristolainen       Jon Merrill                                       10     0   2  3  

PowerPlay Forward 
   Center                   Left Wing                Right Wing               Time % Phy DF OF 
 1 Mika Zibanejad           Henrik Zetterberg        Tyler Toffoli            60     0   1  4  
 2 Sam Gagner               Teuvo Teravainen         Kevin Hayes              40     0   1  4  

PowerPlay Defense
   Defense                  Defense                                           Time % Phy DF OF 
 1 Rasmus Ristolainen       Jon Merrill                                       60     0   1  4  
 2 Cameron Schilling        Paul Ranger                                       40     0   2  3  

Penalty Kill 4 Players Forward 
   Center                   Wing                     Time % Phy DF OF 
 1 Henrik Zetterberg        Daniel Carcillo          60     1   3  1  
 2 Gilbert Brule            Patrick Kaleta           40     1   3  1  

Penalty Kill 4 Players Defense
   Defense                  Defense                  Time % Phy DF OF 
 1 Andy Rogers              Jon Merrill              60     1   3  1  
 2 Cameron Schilling        Theo Peckham             40     1   3  1  

Penalty Kill - 3 Players Forward 
   Forward                                           Time % Phy DF OF 
 1 Patrick Kaleta                                    60     1   3  1  
 2 Gilbert Brule                                     40     1   3  1  

Penalty Kill - 3 Players Defense
   Defense                  Defense                  Time % Phy DF OF 
 1 Andy Rogers              Jon Merrill              60     1   3  1  
 2 Cameron Schilling        Theo Peckham             40     1   3  1  

4 vs 4 Forward 
   Center                   Wing                     Time % Phy DF OF 
 1 Henrik Zetterberg        Tyler Toffoli            60     0   2  3  
 2 Gilbert Brule            Teuvo Teravainen         40     0   2  3  

4 vs 4 Defense
   Defense                  Defense                  Time % Phy DF OF 
 1 Rasmus Ristolainen       Jon Merrill              60     0   2  3  
 2 Cameron Schilling        Andy Rogers              40     1   2  2  

Last Minutes Offensive
   Center                   Left Wing                Right Wing               Defense                  Defense                  
   Sam Gagner               Henrik Zetterberg        Tyler Toffoli            Rasmus Ristolainen       Jon Merrill              

Last Minutes Defensive
   Center                   Left Wing                Right Wing               Defense                  Defense                  
   Gilbert Brule            Daniel Carcillo          Patrick Kaleta           Andy Rogers              Jon Merrill              

Goaltenders
Starting : Jaroslav Halak           
Backup : Jhonas Enroth            

Extra Forwards
Normal : Dany Heatley, Mika Zibanejad, Teuvo Teravainen - PP : Dany Heatley, Mika Zibanejad - PK : Patrick Kaleta
Extra Defensemen
Normal : Rasmus Ristolainen, Jon Merrill, Cameron Schilling - PP : Rasmus Ristolainen - PK : Paul Ranger, Cameron Schilling
Penalty Shots
Henrik Zetterberg, Gilbert Brule, Daniel Carcillo, Sam Gagner, Dany Heatley

Scratches
Pierre-Luc Létourneau (Healthy), Justin Schultz (Right Ankle Injury)

Canucks

5 vs 5 Forward 
   Center                   Left Wing                Right Wing               Time % Phy DF OF 
 1 Robert Nilsson           Loui Eriksson            Nick Palmieri            40     1   2  2  
 2 Marc Savard              Jason Zucker             Brad Boyes               30     1   2  2  
 3 Colton Gillies           Darren Helm              Jeremy Morin             20     1   2  2  
 4 Robert Nilsson           Kerby Rychel             Scottie Upshall          10     1   2  2  

5 vs 5 Defense 
   Defense                  Defense                                           Time % Phy DF OF 
 1 Jamie McBain             Alex Goligoski                                    40     1   2  2  
 2 Joni Pitkanen            Drew Fata                                         30     1   2  2  
 3 Kurtis Foster            Jordie Benn                                       20     1   2  2  
 4 Jamie McBain             Alex Goligoski                                    10     1   2  2  

PowerPlay Forward 
   Center                   Left Wing                Right Wing               Time % Phy DF OF 
 1 Robert Nilsson           Loui Eriksson            Nick Palmieri            60     1   2  2  
 2 Marc Savard              Jason Zucker             Brad Boyes               40     1   2  2  

PowerPlay Defense
   Defense                  Defense                                           Time % Phy DF OF 
 1 Jamie McBain             Alex Goligoski                                    60     1   2  2  
 2 Joni Pitkanen            Drew Fata                                         40     1   2  2  

Penalty Kill 4 Players Forward 
   Center                   Wing                     Time % Phy DF OF 
 1 Robert Nilsson           Marc Savard              60     1   2  2  
 2 Loui Eriksson            Nick Palmieri            40     1   2  2  

Penalty Kill 4 Players Defense
   Defense                  Defense                  Time % Phy DF OF 
 1 Jamie McBain             Alex Goligoski           60     1   2  2  
 2 Joni Pitkanen            Drew Fata                40     1   2  2  

Penalty Kill - 3 Players Forward 
   Forward                                           Time % Phy DF OF 
 1 Robert Nilsson                                    60     1   2  2  
 2 Marc Savard                                       40     1   2  2  

Penalty Kill - 3 Players Defense
   Defense                  Defense                  Time % Phy DF OF 
 1 Jamie McBain             Alex Goligoski           60     1   2  2  
 2 Joni Pitkanen            Drew Fata                40     1   2  2  

4 vs 4 Forward 
   Center                   Wing                     Time % Phy DF OF 
 1 Robert Nilsson           Marc Savard              60     1   2  2  
 2 Loui Eriksson            Nick Palmieri            40     1   2  2  

4 vs 4 Defense
   Defense                  Defense                  Time % Phy DF OF 
 1 Jamie McBain             Alex Goligoski           60     1   2  2  
 2 Joni Pitkanen            Drew Fata                40     1   2  2  

Last Minutes Offensive
   Center                   Left Wing                Right Wing               Defense                  Defense                  
   Robert Nilsson           Loui Eriksson            Nick Palmieri            Jamie McBain             Alex Goligoski           

Last Minutes Defensive
   Center                   Left Wing                Right Wing               Defense                  Defense                  
   Robert Nilsson           Loui Eriksson            Nick Palmieri            Jamie McBain             Alex Goligoski           

Goaltenders
Starting : Jacob Markstrom          
Backup : Martin Jones             

Extra Forwards
Normal : Jesper Fast, Jeremy Morin, Scottie Upshall - PP : Jesper Fast, Jeremy Morin - PK : Scottie Upshall
Extra Defensemen
Normal : Kurtis Foster, Jordie Benn, Joni Pitkanen - PP : Kurtis Foster - PK : Jordie Benn, Joni Pitkanen
Penalty Shots
Robert Nilsson, Marc Savard, Loui Eriksson, Nick Palmieri, Brad Boyes

Scratches
Brandon Sutter (Strained Back Injury)

% Time on Ice - Lightning

Lines # - Real PCT - Wanted PCT - Time Play
Normal Forward
1 - 29% - 35% - 13:02
2 - 28% - 30% - 12:32
3 - 26% - 30% - 11:36
4 - 18% - 5% - 8:03
Normal Defense
1 - 37% - 40% - 16:55
2 - 33% - 30% - 14:46
3 - 26% - 20% - 11:57
4 - 4% - 10% - 1:35
PP Forward
1 - 56% - 60% - 4:59
2 - 44% - 40% - 3:51
PP Defense
1 - 58% - 60% - 5:05
2 - 42% - 40% - 3:45
PK Forward
1 - 85% - 60% - 5:02
2 - 15% - 40% - 0:55
PK Defense
1 - 55% - 60% - 3:18
2 - 45% - 40% - 2:39
PK3 Forward
1 - 0% - 60%
2 - 0% - 40%
PK3 Defense
1 - 0% - 60%
2 - 0% - 40%
44 Forward
1 - 0% - 60%
2 - 0% - 40%
44 Defense
1 - 0% - 60%
2 - 0% - 40%
Last Minute Offensive  - 0:00
Last Minute Defensive  - 0:00
Total
Forward - 60:00
Defense - 60:00

% Time on Ice - Canucks

Lines # - Real PCT - Wanted PCT - Time Play
Normal Forward
1 - 29% - 40% - 13:20
2 - 28% - 30% - 12:47
3 - 28% - 20% - 12:32
4 - 15% - 10% - 6:34
Normal Defense
1 - 36% - 40% - 16:29
2 - 31% - 30% - 14:09
3 - 30% - 20% - 13:41
4 - 2% - 10% - 0:54
PP Forward
1 - 53% - 60% - 3:09
2 - 47% - 40% - 2:48
PP Defense
1 - 59% - 60% - 3:29
2 - 41% - 40% - 2:28
PK Forward
1 - 75% - 60% - 6:37
2 - 25% - 40% - 2:13
PK Defense
1 - 59% - 60% - 5:15
2 - 41% - 40% - 3:35
PK3 Forward
1 - 0% - 60%
2 - 0% - 40%
PK3 Defense
1 - 0% - 60%
2 - 0% - 40%
44 Forward
1 - 0% - 60%
2 - 0% - 40%
44 Defense
1 - 0% - 60%
2 - 0% - 40%
Last Minute Offensive  - 0:00
Last Minute Defensive  - 0:00
Total
Forward - 60:00
Defense - 60:00

Play-by-Play

1st period


0:01 of 1st period - Henrik Zetterberg wins face-off versus Robert Nilsson in neutral zone.
0:35 of 1st period - Slapshot by Patrick Kaleta.
0:35 of 1st period - Stopped by Jacob Markstrom with a rebound.
0:59 of 1st period - Wrist shot by Mika Zibanejad.
0:59 of 1st period - Stopped by Jacob Markstrom with a rebound.
1:07 of 1st period - Cameron Schilling is hit by Joni Pitkanen and loses puck.
1:38 of 1st period - Snap shot by Colton Gillies.
1:38 of 1st period - Shot Misses the Net.
1:40 of 1st period - Wrist shot by Jeremy Morin.
1:40 of 1st period - Shot Blocked by Paul Ranger.
1:42 of 1st period - Slapshot by Joni Pitkanen.
1:42 of 1st period - Deflect By Cameron Schilling.
1:42 of 1st period - Stopped by Jaroslav Halak with a rebound.
1:44 of 1st period - Slapshot by Joni Pitkanen.
1:44 of 1st period - Deflect By Jeremy Morin.
1:44 of 1st period - Stopped by Jaroslav Halak with a rebound.
1:52 of 1st period - Slapshot by Darren Helm.
1:52 of 1st period - Deflect By Colton Gillies.
1:52 of 1st period - Shot Misses the Net.
1:52 of 1st period - Puck is out of play.
1:53 of 1st period - Gilbert Brule wins face-off versus Robert Nilsson in Lightning zone.
2:01 of 1st period - Icing by Henrik Zetterberg.
2:02 of 1st period - Robert Nilsson wins face-off versus Gilbert Brule in Lightning zone.
2:05 of 1st period - Wrist shot by Robert Nilsson.
2:05 of 1st period - Shot Misses the Net.
2:07 of 1st period - Slapshot by Kurtis Foster.
2:07 of 1st period - Shot Blocked by Jon Merrill.
2:25 of 1st period - Snap shot by Loui Eriksson.
2:25 of 1st period - Stopped by Jaroslav Halak with a rebound.
2:27 of 1st period - Slapshot by Jordie Benn.
2:27 of 1st period - Shot Blocked by Henrik Zetterberg.
2:29 of 1st period - Snap shot by Nick Palmieri.
2:29 of 1st period - Shot Misses the Net.
2:31 of 1st period - Slapshot by Kurtis Foster.
2:31 of 1st period - Stopped by Jaroslav Halak with a rebound.
2:33 of 1st period - Wrist shot by Robert Nilsson.
2:33 of 1st period - Shot Blocked by Henrik Zetterberg.
2:43 of 1st period - Snap shot by Robert Nilsson.
2:43 of 1st period - Shot Blocked by Gilbert Brule.
3:09 of 1st period - Snap shot by Loui Eriksson.
3:09 of 1st period - Shot Blocked by Henrik Zetterberg.
3:11 of 1st period - Slapshot by Jordie Benn.
3:11 of 1st period - Stopped by Jaroslav Halak with a rebound.
3:19 of 1st period - Snap shot by Loui Eriksson.
3:19 of 1st period - Deflect By Nick Palmieri.
3:19 of 1st period - Stopped by Jaroslav Halak with a rebound.
3:21 of 1st period - Snap shot by Robert Nilsson.
3:21 of 1st period - Stopped by Jaroslav Halak with a rebound.
3:59 of 1st period - Snap shot by Robert Nilsson.
3:59 of 1st period - Shot Misses the Net.
4:01 of 1st period - Slapshot by Jordie Benn.
4:01 of 1st period - Stopped by Jaroslav Halak with a rebound.
4:15 of 1st period - Wrist shot by Robert Nilsson.
4:15 of 1st period - Stopped by Jaroslav Halak without a rebound.
4:16 of 1st period - Marc Savard wins face-off versus Patrick Kaleta in Lightning zone.
4:43 of 1st period - Andy Rogers is hit by Alex Goligoski and loses puck.
4:57 of 1st period - Minor Penalty to Jeremy Morin for Roughing.
4:58 of 1st period - Sam Gagner wins face-off versus Scottie Upshall in Canucks zone.
5:05 of 1st period - Snap shot by Kevin Hayes.
5:05 of 1st period - Shot Blocked by Jamie McBain.
5:15 of 1st period - Scottie Upshall is hit by Sam Gagner and loses puck.
6:57 of 1st period - Penalty to Jeremy Morin is over, Jeremy Morin is back on ice.
7:06 of 1st period - Jamie McBain is hit by Dany Heatley and loses puck.
7:17 of 1st period - Andy Rogers is hit by Scottie Upshall and loses puck.
8:12 of 1st period - Slapshot by Scottie Upshall.
8:12 of 1st period - Shot Blocked by Tyler Toffoli.
9:36 of 1st period - Scottie Upshall is hit by Tyler Toffoli and loses puck.
9:52 of 1st period - Icing by Jesper Fast.
9:53 of 1st period - Sam Gagner wins face-off versus Jesper Fast in Canucks zone.
10:05 of 1st period - Minor Penalty to Jesper Fast for Interference.
10:06 of 1st period - Robert Nilsson wins face-off versus Mika Zibanejad in Canucks zone.
10:16 of 1st period - Slapshot by Rasmus Ristolainen.
10:16 of 1st period - Goal by Rasmus Ristolainen - Lightning : 1 - Canucks : 0.
10:17 of 1st period - Sam Gagner wins face-off versus Marc Savard in neutral zone.
10:42 of 1st period - Alex Goligoski is hit by Kevin Hayes and loses puck.
11:09 of 1st period - Colton Gillies is hit by Dany Heatley and loses puck.
11:34 of 1st period - Slapshot by Alex Goligoski.
11:34 of 1st period - Deflect By Jason Zucker.
11:34 of 1st period - Stopped by Jaroslav Halak with a rebound.
12:09 of 1st period - Kevin Hayes is hit by Joni Pitkanen and loses puck.
12:17 of 1st period - Wrist shot by Colton Gillies.
12:17 of 1st period - Stopped by Jaroslav Halak without a rebound.
12:18 of 1st period - Sam Gagner wins face-off versus Marc Savard in Lightning zone.
12:45 of 1st period - Wrist shot by Jeremy Morin.
12:45 of 1st period - Stopped by Jaroslav Halak without a rebound.
12:46 of 1st period - Colton Gillies wins face-off versus Sam Gagner in Lightning zone.
13:12 of 1st period - Mika Zibanejad is hit by Drew Fata and loses puck.
13:38 of 1st period - Theo Peckham is hit by Jason Zucker and loses puck.
14:05 of 1st period - Teuvo Teravainen is hit by Brad Boyes and loses puck.
14:20 of 1st period - Snap shot by Alex Goligoski.
14:20 of 1st period - Shot Blocked by Dany Heatley.
14:22 of 1st period - Slapshot by Alex Goligoski.
14:22 of 1st period - Stopped by Jaroslav Halak without a rebound.
14:23 of 1st period - Robert Nilsson wins face-off versus Mikael Backlund in Lightning zone.
14:32 of 1st period - Slapshot by Robert Nilsson.
14:32 of 1st period - Stopped by Jaroslav Halak without a rebound.
14:33 of 1st period - Robert Nilsson wins face-off versus Sam Gagner in Lightning zone.
14:44 of 1st period - Wrist shot by Teuvo Teravainen.
14:44 of 1st period - Shot Misses the Net.
14:56 of 1st period - Snap shot by Robert Nilsson.
14:56 of 1st period - Stopped by Jaroslav Halak with a rebound.
15:10 of 1st period - Snap shot by Robert Nilsson.
15:10 of 1st period - Shot Misses the Net.
15:34 of 1st period - Wrist shot by Robert Nilsson.
15:34 of 1st period - Stopped by Jaroslav Halak without a rebound.
15:35 of 1st period - Marc Savard wins face-off versus Gilbert Brule in Lightning zone.
16:02 of 1st period - Mika Zibanejad is hit by Colton Gillies and loses puck.
16:41 of 1st period - Snap shot by Gilbert Brule.
16:41 of 1st period - Shot Misses the Net.
16:59 of 1st period - Off-side.
17:00 of 1st period - Robert Nilsson wins face-off versus Mika Zibanejad in neutral zone.
17:09 of 1st period - Wrist shot by Robert Nilsson.
17:09 of 1st period - Shot Misses the Net.
17:51 of 1st period - Wrist shot by Gilbert Brule.
17:51 of 1st period - Stopped by Jacob Markstrom with a rebound.
18:43 of 1st period - Wrist shot by Jack Skille.
18:43 of 1st period - Shot Misses the Net.
18:45 of 1st period - Slapshot by Paul Ranger.
18:45 of 1st period - Shot Blocked by Jordie Benn.
18:47 of 1st period - Wrist shot by Sam Gagner.
18:47 of 1st period - Stopped by Jacob Markstrom without a rebound.
18:48 of 1st period - Sam Gagner wins face-off versus Colton Gillies in Canucks zone.
19:03 of 1st period - Snap shot by Sam Gagner.
19:03 of 1st period - Shot Misses the Net.
19:13 of 1st period - Tyler Toffoli is hit by Marc Savard and loses puck.
19:20 of 1st period - Snap shot by Andy Rogers.
19:20 of 1st period - Deflect By Tyler Toffoli.
19:20 of 1st period - Goal by Tyler Toffoli - Lightning : 2 - Canucks : 0.
19:21 of 1st period - Mika Zibanejad wins face-off versus Robert Nilsson in neutral zone.
19:45 of 1st period - Icing by Rasmus Ristolainen.
19:46 of 1st period - Marc Savard wins face-off versus Mika Zibanejad in Lightning zone.
19:53 of 1st period - Snap shot by Brad Boyes.
19:53 of 1st period - Shot Misses the Net.
19:55 of 1st period - Snap shot by Marc Savard.
19:55 of 1st period - Stopped by Jaroslav Halak with a rebound.
19:59 of 1st period - Wrist shot by Marc Savard.
19:59 of 1st period - Shot Misses the Net.
Goals for this period are 2 for Lightning vs 0 for Canucks.
Shots for this period are 6 for Lightning vs 17 for Canucks.

2nd period


0:01 of 2nd period - Robert Nilsson wins face-off versus Gilbert Brule in neutral zone.
0:04 of 2nd period - Gilbert Brule is hit by Nick Palmieri and loses puck.
1:05 of 2nd period - Minor Penalty to Robert Nilsson for Roughing.
1:06 of 2nd period - Henrik Zetterberg wins face-off versus Scottie Upshall in Canucks zone.
1:11 of 2nd period - Snap shot by Tyler Toffoli.
1:11 of 2nd period - Shot Misses the Net.
1:25 of 2nd period - Jamie McBain is hit by Cameron Schilling and loses puck.
2:34 of 2nd period - Off-side.
2:35 of 2nd period - Loui Eriksson wins face-off versus Mika Zibanejad in neutral zone.
2:38 of 2nd period - Tyler Toffoli is hit by Loui Eriksson and loses puck.
3:05 of 2nd period - Penalty to Robert Nilsson is over, Robert Nilsson is back on ice.
4:16 of 2nd period - Icing by Rasmus Ristolainen.
4:17 of 2nd period - Robert Nilsson wins face-off versus Gilbert Brule in Lightning zone.
4:45 of 2nd period - Slapshot by Jamie McBain.
4:45 of 2nd period - Stopped by Jaroslav Halak without a rebound.
4:46 of 2nd period - Robert Nilsson wins face-off versus Sam Gagner in Lightning zone.
5:21 of 2nd period - Slapshot by Alex Goligoski.
5:21 of 2nd period - Stopped by Jaroslav Halak with a rebound.
5:56 of 2nd period - Slapshot by Patrick Kaleta.
5:56 of 2nd period - Shot Blocked by Jordie Benn.
6:21 of 2nd period - Minor Penalty to Paul Ranger for Cross-checking.
6:22 of 2nd period - Henrik Zetterberg wins face-off versus Robert Nilsson in Lightning zone.
6:32 of 2nd period - Wrist shot by Henrik Zetterberg.
6:32 of 2nd period - Stopped by Jacob Markstrom with a rebound.
6:34 of 2nd period - Slapshot by Jon Merrill.
6:34 of 2nd period - Goal by Jon Merrill - Lightning : 3 - Canucks : 0.
6:35 of 2nd period - Henrik Zetterberg wins face-off versus Robert Nilsson in neutral zone.
6:42 of 2nd period - Slapshot by Daniel Carcillo.
6:42 of 2nd period - Shot Misses the Net.
7:16 of 2nd period - Cameron Schilling is hit by Alex Goligoski and loses puck.
7:41 of 2nd period - Dany Heatley is hit by Nick Palmieri.
8:21 of 2nd period - Penalty to Paul Ranger is over, Paul Ranger is back on ice.
8:25 of 2nd period - Icing by Paul Ranger.
8:26 of 2nd period - Sam Gagner wins face-off versus Colton Gillies in Lightning zone.
9:13 of 2nd period - Slapshot by Theo Peckham.
9:13 of 2nd period - Stopped by Jacob Markstrom with a rebound.
9:31 of 2nd period - Marc Savard is hit by Theo Peckham and loses puck.
9:46 of 2nd period - Snap shot by Sam Gagner.
9:46 of 2nd period - Deflect By Alex Goligoski.
9:46 of 2nd period - Stopped by Jacob Markstrom with a rebound.
9:48 of 2nd period - Wrist shot by Teuvo Teravainen.
9:48 of 2nd period - Stopped by Jacob Markstrom without a rebound.
9:49 of 2nd period - Colton Gillies wins face-off versus Sam Gagner in Canucks zone.
9:58 of 2nd period - Darren Helm is hit by Patrick Kaleta and loses puck.
10:17 of 2nd period - Wrist shot by Jeremy Morin.
10:17 of 2nd period - Shot Misses the Net.
10:23 of 2nd period - Wrist shot by Teuvo Teravainen.
10:23 of 2nd period - Stopped by Jacob Markstrom without a rebound.
10:24 of 2nd period - Gilbert Brule wins face-off versus Nick Palmieri in Canucks zone.
10:29 of 2nd period - Snap shot by Henrik Zetterberg.
10:29 of 2nd period - Shot Misses the Net.
10:51 of 2nd period - Brad Boyes is hit by Dany Heatley and loses puck.
10:56 of 2nd period - Wrist shot by Mikael Backlund.
10:56 of 2nd period - Stopped by Jacob Markstrom without a rebound.
10:57 of 2nd period - Marc Savard wins face-off versus Gilbert Brule in Canucks zone.
11:01 of 2nd period - Icing by Jamie McBain.
11:02 of 2nd period - Gilbert Brule wins face-off versus Marc Savard in Canucks zone.
11:06 of 2nd period - Minor Penalty to Jason Zucker for Tripping.
11:07 of 2nd period - Mika Zibanejad wins face-off versus Robert Nilsson in Canucks zone.
13:06 of 2nd period - Penalty to Jason Zucker is over, Jason Zucker is back on ice.
13:23 of 2nd period - Snap shot by Mikael Backlund.
13:23 of 2nd period - Shot Blocked by Kurtis Foster.
13:47 of 2nd period - Off-side.
13:48 of 2nd period - Gilbert Brule wins face-off versus Robert Nilsson in neutral zone.
14:11 of 2nd period - Darren Helm is hit by Mikael Backlund and loses puck.
15:43 of 2nd period - Wrist shot by Mika Zibanejad.
15:43 of 2nd period - Shot Misses the Net.
15:45 of 2nd period - Slapshot by Cameron Schilling.
15:45 of 2nd period - Stopped by Jacob Markstrom without a rebound.
15:46 of 2nd period - Mika Zibanejad wins face-off versus Marc Savard in Canucks zone.
15:57 of 2nd period - Snap shot by Mika Zibanejad.
15:57 of 2nd period - Stopped by Jacob Markstrom with a rebound.
15:59 of 2nd period - Slapshot by Paul Ranger.
15:59 of 2nd period - Stopped by Jacob Markstrom without a rebound.
16:00 of 2nd period - Gilbert Brule wins face-off versus Robert Nilsson in Canucks zone.
16:36 of 2nd period - Slapshot by Marc Savard.
16:36 of 2nd period - Deflect By Jason Zucker.
16:36 of 2nd period - Shot Blocked by Jon Merrill.
16:36 of 2nd period - Puck is out of play.
16:37 of 2nd period - Loui Eriksson wins face-off versus Sam Gagner in Lightning zone.
16:52 of 2nd period - Wrist shot by Sam Gagner.
16:52 of 2nd period - Stopped by Jacob Markstrom without a rebound.
16:53 of 2nd period - Gilbert Brule wins face-off versus Marc Savard in Canucks zone.
16:54 of 2nd period - Wrist shot by Henrik Zetterberg.
16:54 of 2nd period - Stopped by Jacob Markstrom with a rebound.
17:08 of 2nd period - Backhand shot by Jason Zucker.
17:08 of 2nd period - Shot Misses the Net.
17:10 of 2nd period - Slapshot by Jamie McBain.
17:10 of 2nd period - Stopped by Jaroslav Halak without a rebound.
17:11 of 2nd period - Mika Zibanejad wins face-off versus Robert Nilsson in Lightning zone.
17:11 of 2nd period - Mika Zibanejad is hit by Loui Eriksson.
17:44 of 2nd period - Wrist shot by Jason Zucker.
17:44 of 2nd period - Shot Misses the Net.
18:09 of 2nd period - Jeremy Morin is hit by Teuvo Teravainen and loses puck.
18:14 of 2nd period - Wrist shot by Sam Gagner.
18:14 of 2nd period - Shot Blocked by Drew Fata.
18:16 of 2nd period - Wrist shot by Patrick Kaleta.
18:16 of 2nd period - Shot Misses the Net.
19:42 of 2nd period - Icing by Rasmus Ristolainen.
19:43 of 2nd period - Mika Zibanejad wins face-off versus Robert Nilsson in Lightning zone.
Goals for this period are 1 for Lightning vs 0 for Canucks.
Shots for this period are 12 for Lightning vs 3 for Canucks.

3rd period


0:01 of 3rd period - Robert Nilsson wins face-off versus Gilbert Brule in neutral zone.
0:06 of 3rd period - Snap shot by Robert Nilsson.
0:06 of 3rd period - Stopped by Jaroslav Halak with a rebound.
0:08 of 3rd period - Slapshot by Jamie McBain.
0:08 of 3rd period - Shot Blocked by Gilbert Brule.
0:10 of 3rd period - Slapshot by Jamie McBain.
0:10 of 3rd period - Shot Blocked by Rasmus Ristolainen.
0:12 of 3rd period - Snap shot by Robert Nilsson.
0:12 of 3rd period - Deflect By Loui Eriksson.
0:12 of 3rd period - Goal by Loui Eriksson - Lightning : 3 - Canucks : 1.
0:13 of 3rd period - Robert Nilsson wins face-off versus Gilbert Brule in neutral zone.
0:20 of 3rd period - Slapshot by Robert Nilsson.
0:20 of 3rd period - Shot Blocked by Jon Merrill.
0:22 of 3rd period - Minor Penalty to Henrik Zetterberg for Holding.
0:23 of 3rd period - Patrick Kaleta wins face-off versus Robert Nilsson in Lightning zone.
2:22 of 3rd period - Penalty to Henrik Zetterberg is over, Henrik Zetterberg is back on ice.
2:30 of 3rd period - Paul Ranger is hit by Darren Helm and loses puck.
2:39 of 3rd period - Jordie Benn is hit by Henrik Zetterberg and loses puck.
2:47 of 3rd period - Kurtis Foster is hit by Gilbert Brule and loses puck.
3:38 of 3rd period - Tyler Toffoli is hit by Alex Goligoski and loses puck.
4:04 of 3rd period - Backhand shot by Patrick Kaleta.
4:04 of 3rd period - Shot Misses the Net.
4:26 of 3rd period - Jordie Benn is hit by Kevin Hayes and loses puck.
5:02 of 3rd period - Minor Penalty to Dany Heatley for Tripping.
5:03 of 3rd period - Henrik Zetterberg wins face-off versus Robert Nilsson in Lightning zone.
5:03 of 3rd period - Henrik Zetterberg is hit by Jamie McBain.
5:17 of 3rd period - Theo Peckham is hit by Nick Palmieri and loses puck.
7:02 of 3rd period - Penalty to Dany Heatley is over, Dany Heatley is back on ice.
7:50 of 3rd period - Slapshot by Rasmus Ristolainen.
7:50 of 3rd period - Stopped by Jacob Markstrom with a rebound.
8:20 of 3rd period - Mika Zibanejad is hit by Loui Eriksson and loses puck.
8:43 of 3rd period - Jeremy Morin is hit by Mikael Backlund and loses puck.
9:30 of 3rd period - Scottie Upshall is hit by Rasmus Ristolainen and loses puck.
9:39 of 3rd period - Paul Ranger is hit by Kerby Rychel.
9:55 of 3rd period - Joni Pitkanen is hit by Cameron Schilling and loses puck.
10:33 of 3rd period - Joni Pitkanen is hit by Sam Gagner.
10:48 of 3rd period - Daniel Carcillo is hit by Joni Pitkanen and loses puck.
11:32 of 3rd period - Alex Goligoski is hit by Patrick Kaleta and loses puck.
11:45 of 3rd period - Andy Rogers is hit by Drew Fata and loses puck.
11:52 of 3rd period - Jeremy Morin is hit by Dany Heatley and loses puck.
12:11 of 3rd period - Slapshot by Marc Savard.
12:11 of 3rd period - Shot Blocked by Kevin Hayes.
12:27 of 3rd period - Wrist shot by Patrick Kaleta.
12:27 of 3rd period - Shot Blocked by Drew Fata.
12:29 of 3rd period - Snap shot by Sam Gagner.
12:29 of 3rd period - Shot Misses the Net.
12:31 of 3rd period - Wrist shot by Theo Peckham.
12:31 of 3rd period - Stopped by Jacob Markstrom with a rebound.
12:43 of 3rd period - Wrist shot by Tyler Toffoli.
12:43 of 3rd period - Stopped by Jacob Markstrom without a rebound.
12:44 of 3rd period - Robert Nilsson wins face-off versus Gilbert Brule in Canucks zone.
13:01 of 3rd period - Backhand shot by Nick Palmieri.
13:01 of 3rd period - Stopped by Jaroslav Halak without a rebound.
13:02 of 3rd period - Mika Zibanejad wins face-off versus Marc Savard in Lightning zone.
13:02 of 3rd period - Mika Zibanejad is hit by Jason Zucker.
13:15 of 3rd period - Minor Penalty to Jason Zucker for Hooking.
13:16 of 3rd period - Mika Zibanejad wins face-off versus Robert Nilsson in Canucks zone.
13:30 of 3rd period - Snap shot by Rasmus Ristolainen.
13:30 of 3rd period - Deflect By Tyler Toffoli.
13:30 of 3rd period - Shot Misses the Net.
13:30 of 3rd period - Puck is out of play.
13:31 of 3rd period - Mika Zibanejad wins face-off versus Robert Nilsson in Canucks zone.
13:56 of 3rd period - Slapshot by Sam Gagner.
13:56 of 3rd period - Stopped by Jacob Markstrom with a rebound.
13:58 of 3rd period - Wrist shot by Sam Gagner.
13:58 of 3rd period - Goal by Sam Gagner - Lightning : 4 - Canucks : 1.
13:59 of 3rd period - Robert Nilsson wins face-off versus Gilbert Brule in neutral zone.
14:02 of 3rd period - Gilbert Brule is hit by Alex Goligoski and loses puck.
14:34 of 3rd period - Daniel Carcillo is hit by Brad Boyes and loses puck.
14:48 of 3rd period - Minor Penalty to Colton Gillies for Tripping.
14:49 of 3rd period - Robert Nilsson wins face-off versus Mika Zibanejad in Canucks zone.
15:53 of 3rd period - Snap shot by Nick Palmieri.
15:53 of 3rd period - Deflect By Loui Eriksson.
15:53 of 3rd period - Shot Misses the Net.
15:53 of 3rd period - Puck is out of play.
15:54 of 3rd period - Kevin Hayes wins face-off versus Loui Eriksson in Lightning zone.
16:08 of 3rd period - Teuvo Teravainen is hit by Marc Savard and loses puck.
16:27 of 3rd period - Drew Fata is hit by Tyler Toffoli and loses puck.
16:48 of 3rd period - Penalty to Colton Gillies is over, Colton Gillies is back on ice.
16:56 of 3rd period - Jon Merrill is hit by Colton Gillies and loses puck.
17:17 of 3rd period - Gilbert Brule is hit by Jason Zucker and loses puck.
18:19 of 3rd period - Brad Boyes is hit by Daniel Carcillo and loses puck.
18:34 of 3rd period - Jason Zucker is hit by Gilbert Brule and loses puck.
18:57 of 3rd period - Sam Gagner is hit by Loui Eriksson and loses puck.
19:28 of 3rd period - Joni Pitkanen is hit by Tyler Toffoli and loses puck.
19:43 of 3rd period - Snap shot by Andy Rogers.
19:43 of 3rd period - Shot Misses the Net.
19:57 of 3rd period - Darren Helm is hit by Teuvo Teravainen and loses puck.
Goals for this period are 1 for Lightning vs 1 for Canucks.
Shots for this period are 5 for Lightning vs 3 for Canucks.